 Dungeon Crawl Stone Soup version 0.20.1-1-g8b1a95d (webtiles) character file.

5226 Nattfarinn the Basher (level 10, -6/68 HPs)
             Began as a Gargoyle Berserker on Aug 1, 2017.
             Was a High Priest of Trog.
             Mangled by a two-headed ogre
             ... wielding a +0 giant club
              (8 damage)
             ... on level 8 of the Dungeon.
             The game lasted 00:11:54 (7428 turns).

Nattfarinn the Basher (Gargoyle Berserker)          Turns: 7428, Time: 00:11:54

Health: -6/68      AC: 22    Str: 20    XL:     10   Next: 61%
Magic:  10/10      EV:  8    Int:  9    God:    Trog [*****.]
Gold:   471        SH:  0    Dex: 12    Spells: 9/9 levels left

rFire    . . .     SeeInvis .   m - +1 great mace (holy)
rCold    . . .     Gourm    .   (shield currently unavailable)
rNeg     + . .     Faith    .   v - +1 chain mail of Keucs {MR+} (curse)
rPois    ∞         Spirit   .   n - +0 helmet
rElec    +         Reflect  .   (no cloak)
rCorr    .         Harm     .   q - +0 pair of gloves
MR       +....                  (no boots)
Stlth    ..........             (no amulet)
Regen    0.3/turn               (no ring)
MPRegen  0.2/turn               (no ring)

@: berserk cooldown, slowed, very slow
A: negative energy resistance 1, electricity resistance, unbreathing,
petrification resistance, rot immunity, AC +7
a: Berserk, Trog's Hand, Brothers in Arms, Burn Spellbooks, Renounce Religion


You were on level 8 of the Dungeon.
You worshipped Trog.
Trog was extremely pleased with you.
You were very hungry.

You visited 1 branch of the dungeon, and saw 8 of its levels.

You collected 471 gold pieces.

Inventory:

Hand Weapons
 m - a +1 great mace of holy wrath (weapon)
 x - a +0 great mace
 z - a +0 morningstar
Armour
 b - a +0 animal skin
 n - a +0 helmet (worn)
 q - a +0 pair of gloves (worn)
 s - a +0 plate armour
 v - the cursed +1 chain mail of Keucs (worn) {MR+}
   (You found it on level 4 of the Dungeon)

   It affects your resistance to hostile enchantments.
   It has a curse placed upon it.
 F - a +1 ring mail of poison resistance
 M - a +4 ring mail
Jewellery
 w - an uncursed ring of protection from fire {unknown}
 E - an uncursed ring of wizardry {unknown}
 O - an uncursed ring of poison resistance {unknown}
Wands
 A - a wand of scattershot (3/9)
 H - a wand of paralysis (13/24)
 K - a wand of paralysis (13/24)
 Q - a wand of polymorph (12/24)
 R - a wand of digging (5/24)
 S - a wand of disintegration (9/24)
Scrolls
 a - a scroll of enchant armour {unknown}
 h - 7 scrolls of teleportation
 i - 4 scrolls of amnesia {unknown}
 l - 2 scrolls of identify
 o - 2 scrolls of enchant weapon {unknown}
 p - a scroll of immolation {unknown}
 r - a scroll of random uselessness {unknown}
 t - a scroll of fog {unknown}
 y - 3 scrolls of magic mapping {unknown}
 B - 2 scrolls of remove curse {unknown}
 C - 3 scrolls of fear {unknown}
 D - a scroll of vulnerability {unknown}
 G - 2 scrolls of blinking {unknown}
 L - a scroll of torment {unknown}
Potions
 d - 3 potions of magic {unknown}
 e - a potion of heal wounds {unknown}
 f - 2 potions of agility {unknown}
 u - 2 potions of degeneration {unknown}
 I - a potion of mutation {unknown}
 J - a potion of lignification {unknown}
 N - a potion of haste {unknown}
 P - a potion of might {unknown}
Comestibles
 c - 3 bread rations
 g - 5 meat rations
 k - 9 fruits


   Skills:
 * Level 9.9 Fighting
   Level 1.4(5.9) Axes
 + Level 9.9(10.0) Maces & Flails
 * Level 9.7 Armour
 - Level 1.5 Dodging


You had 9 spell levels left.
You didn't know any spells.

Dungeon Overview and Level Annotations

Branches:
Dungeon (8/15)             Temple (0/1) D:5
   Lair: D:8-11

Altars:
Cheibriados
Elyvilon
Gozag
Hepliaklqana
Nemelex Xobeh
Okawaru
Qazlal
Trog
Uskayaw
Xom
Yredelemnul


Innate Abilities, Weirdness & Mutations

You are resistant to torment.
Your stone body is resilient. (AC +7)
You are immune to poison.
You resist negative energy. (rN+)
You are resistant to electric shocks. (rElec)
You can survive without breathing.
You are immune to petrification.
You are immune to rotting.


Message History

The two-headed ogre hits you but does no damage.
The two-headed ogre hits you with a giant club!
* * * LOW HITPOINT WARNING * * *
The two-headed ogre hits you but does no damage.
You feel better.
The two-headed ogre hits you but does no damage.
The two-headed ogre hits you with a giant club.
* * * LOW HITPOINT WARNING * * *
You feel better.
The two-headed ogre hits you with a giant club.
* * * LOW HITPOINT WARNING * * *
The two-headed ogre barely misses you.
You feel better.
The two-headed ogre hits you with a giant club.
* * * LOW HITPOINT WARNING * * *
The two-headed ogre hits you with a giant club!
* * * LOW HITPOINT WARNING * * *
The two-headed ogre hits you but does no damage.
The two-headed ogre hits you with a giant club!
You die...

...(..................##
####.......#####..###.######
###)..### ....###......#
#...# ........####.# ##.##
##.###.#.### #.# #
#.#.(###..# ## #.# #.
##.#.#.#.#.# >..
#.###..##....##.##.# ###
.........(@.....##.#
####..##.O.##..##.#
##K###..##.# #K# #.....#


oK. .#..### ##o#.###.. ...## #.. ..# .## .## You could see a two-headed ogre, an
orc wizard, an orc and 3 kobolds.

Vanquished Creatures
  A two-headed ogre (D:8)
  The ghost of Nattfarinn the Skirmisher, a novice GrBe of Trog (D:8)
  Pikel (D:7)
  A centaur skeleton (D:8)
  A troll (D:7)
  The ghost of Nattfarinn the Stinger, an amateur DEVM (D:4)
  A wraith (D:8)
  A wyvern (D:6)
  A black bear (D:6)
  4 orc warriors
  A sky beast (D:8)
  A necrophage (D:8)
  3 phantoms
  An eye of draining (D:6)
  3 ogres
  A slave (D:7)
  A big kobold (D:8)
  2 bullfrogs
  2 scorpions (D:5)
  2 wights (D:8)
  A howler monkey (D:7)
  A crimson imp (D:6)
  2 bullfrog zombies
  A bullfrog skeleton (D:5)
  5 hounds
  2 jellies
  3 orc wizards
  A quasit (D:8)
  3 orc priests
  An iguana (D:4)
  6 worker ants
  A hound skeleton (D:6)
  Robin (D:3)
  12 adders
  4 shadow imps
  3 oozes
  An adder skeleton (D:7)
  5 worms
  2 dart slugs (D:1)
  2 leopard geckos
  20 orcs
  5 giant cockroaches
  18 goblins
  14 hobgoblins
  3 jackals (D:4)
  4 quokkas
  5 bats
  7 frilled lizards
  A giant cockroach zombie (D:5)
  A jackal skeleton (D:5)
  13 kobolds
  13 rats
191 creatures vanquished.

Vanquished Creatures (others)
  An iguana (D:7)
  A gnoll (D:7)
  A leopard gecko (D:7)
  An orc (D:7)
4 creatures vanquished.

Grand Total: 195 creatures vanquished

Notes
Turn   | Place    | Note
-------+----------+-------------------------------------------
     0 | D:1      | Nattfarinn the Gargoyle Berserker began the quest for the Orb.
     0 | D:1      | Reached XP level 1. HP: 14/14 MP: 1/1
   126 | D:1      | Reached XP level 2. HP: 19/19 MP: 2/2
   568 | D:1      | Reached XP level 3. HP: 24/24 MP: 3/3
   686 | D:1      | Reached ** piety under Trog
  1516 | D:2      | Reached XP level 4. HP: 25/29 MP: 4/4
  1766 | D:3      | Noticed Robin
  1792 | D:3      | Killed Robin
  2740 | D:3      | Reached *** piety under Trog
  2754 | D:3      | Reached XP level 5. HP: 31/34 MP: 5/5
  3300 | D:4      | Reached skill level 1 in Axes
  3304 | D:4      | Got a brightly glowing chain mail
  3318 | D:4      | Reached skill level 5 in Fighting
  3358 | D:4      | Identified the cursed +1 chain mail of Keucs {MR+} (You found it on level 4 of the Dungeon)
  3465 | D:4      | Reached XP level 6. HP: 27/40 MP: 6/6
  3584 | D:4      | Noticed Nattfarinn's ghost (amateur DEVM)
  3590 | D:4      | Killed Nattfarinn's ghost
  3686 | D:4      | Noticed a phantom
  3730 | D:4      | Killed a phantom
  3730 | D:4      | Reached skill level 5 in Armour
  3730 | D:4      | Reached XP level 7. HP: 45/45 MP: 7/7
  4015 | D:5      | Entered Level 5 of the Dungeon
  4015 | D:5      | Found a hazy altar of Hepliaklqana.
  4015 | D:5      | Found a sparkling altar of Nemelex Xobeh.
  4015 | D:5      | Found a shimmering altar of Xom.
  4016 | D:5      | Found a basalt altar of Yredelemnul.
  4016 | D:5      | Found an iron altar of Okawaru.
  4016 | D:5      | Found a snail-covered altar of Cheibriados.
  4017 | D:5      | Found a white marble altar of Elyvilon.
  4065 | D:5      | Reached skill level 5 in Maces & Flails
  4373 | D:5      | Reached XP level 8. HP: 48/51 MP: 8/8
  4487 | D:5      | Found a staircase to the Ecumenical Temple.
  4651 | D:5      | Reached **** piety under Trog
  5373 | D:6      | Noticed a wyvern
  5380 | D:6      | Killed a wyvern
  5383 | D:6      | Reached XP level 9. HP: 53/58 MP: 1/9
  5415 | D:6      | Found a bloodstained altar of Trog.
  5416 | D:6      | Found a hide-covered altar of Uskayaw.
  5416 | D:6      | Found an opulent altar of Gozag.
  5417 | D:6      | Found a stormy altar of Qazlal.
  5886 | D:7      | Noticed Pikel
  5897 | D:7      | Killed Pikel
  5942 | D:7      | Noticed a troll
  5954 | D:7      | Killed a troll
  6300 | D:8      | Noticed Nattfarinn's ghost (novice GrBe)
  6313 | D:8      | Killed Nattfarinn's ghost
  6313 | D:8      | Reached XP level 10. HP: 37/66 MP: 10/10
  6406 | D:8      | HP: 3/66 [orc warrior/short sword (13)]
  7066 | D:8      | Noticed a two-headed ogre
  7076 | D:8      | HP: 3/66 [two-headed ogre/giant club (8)]
  7077 | D:8      | Killed a two-headed ogre
  7404 | D:8      | Reached ***** piety under Trog
  7411 | D:8      | Noticed a two-headed ogre
  7423 | D:8      | HP: 1/68 [two-headed ogre/giant club (8)]
  7428 | D:8      | Mangled by a two-headed ogre

Skill      XL: |  1  2  3  4  5  6  7  8  9 10 |
---------------+-------------------------------+-----
Fighting       | 4 5 6 7 9 |  9.9
Armour         | 3 5 6 7 8 9 |  9.7
Maces & Flails | 4 5 7 9 |  9.9
Axes           | 1 |  1.4
Dodging        | |  1.5

Action                   |  1- 3 |  4- 6 |  7- 9 | 10-12 || total
-------------------------+-------+-------+-------+-------++-------
Melee: Mace              |   121 |    65 |       |       ||   186
       Battleaxe         |       |   125 |       |       ||   125
       Great mace        |       |    37 |   336 |   110 ||   483
Invok: Berserk           |       |     3 |     2 |     2 ||     7
       Trog's Hand       |       |       |       |     1 ||     1
  Use: Scroll            |       |       |     2 |     1 ||     3
       Potion            |       |       |       |     8 ||     8
 Stab: Sleeping          |     1 |       |       |       ||     1
  Eat: Chunk             |     1 |    11 |    10 |     4 ||    26
       Royal jelly       |       |       |       |     1 ||     1
Armor: Animal skin       |    62 |    25 |       |       ||    87
       Plate armour      |       |   122 |       |       ||   122
       Chain mail        |       |    84 |   314 |   143 ||   541
Dodge: Dodged            |   121 |   142 |   175 |    98 ||   536
